Map: Galactic Process LE

Players

Dante - Winner!

  • Race: Zerg Zerg

Gracz

  • Race: Zerg Zerg
  • League: Silver

VOD

Have the link to the VOD?

Description

Time

  • Played on: Sept. 25, 2016, 2:40 p.m.
  • Length: 15:02
Show
View Real Time Build Order
Export as new Build Order

Dante Zerg - Winner!

Build Orders: Hatch First 

Get SALT Encoding   

  12  0:01  Drone  
  13  0:19  Overlord  
  13  0:26  Drone  
  14  0:53  Drone x2  
  14  0:55  Drone, Hatchery  
  16  1:13  Drone  
  17  1:21  Spawning Pool  
  17  1:24  Extractor  
  15  1:40  Drone x3  
  18  1:55  Overlord  
  18  2:08  Queen  
  18  2:10  Queen  
  18  2:14  Zergling x6  
  25  2:23  Zergling x2  
  24  2:49  Zergling x2  
  24  2:50  Zergling x8  
  27  3:12  Metabolic Boost  
  27  3:20  Zergling x10  
  27  3:26  Queen  
  33  3:30  Drone x2  
  33  3:31  Drone  
  36  3:39  Roach Warren  
  35  3:55  Drone  
  35  3:59  Overlord x3  
  34  4:38  Roach x4  
  40  4:39  Roach x5  
  52  4:59  Overlord  
  51  5:17  Drone  
  51  5:18  Drone x5  
  57  5:23  Overlord x2  
  57  5:24  Overlord x2  
  57  6:05  Evolution Chamber  
  57  6:09  Evolution Chamber  
  55  6:14  Spine Crawler  
  54  6:23  Extractor  
  54  6:25  Lair  
  53  6:28  Drone x5  
  53  6:29  Drone x4  
  62  6:41  Zerg Ground Armor Level 1, Zerg Missile Weapons Level 1  
  62  7:20  Extractor x2  
  60  7:42  Queen  
  62  7:48  Hatchery  
  61  7:53  Baneling Nest  
  60  8:29  Glial Reconstitution  
  60  9:05  Overlord x4  
  60  9:06  Overlord x2  
  60  9:07  Overlord x2  
  60  9:11  Roach x2  
  60  9:12  Roach x6  
  60  9:13  Roach x5  
  60  9:14  Roach x5  
  96  9:19  Baneling  
  96  9:20  Baneling x5  
  96  9:21  Baneling x5  
  96  9:39  Drone x5  
  101  9:48  Zerg Missile Weapons Level 2  
  101  10:04  Extractor  
  101  10:06  Extractor  
  99  10:15  Zerg Ground Armor Level 2  
  99  10:20  Zergling x8  
  99  10:21  Zergling x10  
  106  10:22  Zergling x10  
  106  10:23  Zergling x12  
  106  10:24  Zergling x10  
  106  10:25  Zergling x4  
  126  10:47  Centrifical Hooks  
  126  10:51  Baneling x6  
  126  10:52  Baneling x5  
  126  10:53  Baneling  
  126  10:55  Baneling  
  126  10:56  Baneling  
  126  11:00  Baneling x2  
  126  11:41  Roach x2  
  126  11:42  Roach x5  
  140  12:24  Roach  
  140  12:25  Roach x5  
  140  12:26  Roach  
  140  13:08  Spore Crawler  
  139  13:16  Hydralisk Den  
  135  14:16  Hydralisk  
  135  14:17  Hydralisk x6  
  135  14:18  Hydralisk x2  
Show
View Real Time Build Order
Export as new Build Order

Gracz Zerg 

Build Orders: Pool First 

Get SALT Encoding   

  12  0:01  Drone  
  13  0:12  Drone  
  14  0:26  Spawning Pool  
  13  0:30  Drone  
  14  0:38  Overlord  
  14  1:00  Drone  
  15  1:07  Drone  
  16  1:13  Zergling x2  
  16  1:14  Zergling x2  
  18  1:23  Zergling x2  
  18  1:24  Extractor  
  18  1:35  Hatchery  
  17  1:50  Zergling x4  
  19  1:54  Drone  
  20  2:30  Zergling x2  
  20  2:31  Zergling x2  
  20  2:32  Overlord  
  17  3:24  Zergling x12  
  23  3:29  Queen x2  
  27  3:37  Drone x2  
  29  3:52  Drone x2  
  31  4:05  Queen x2  
  35  4:10  Metabolic Boost  
  32  4:31  Zergling x2  
  32  4:32  Zergling x4  
  32  4:34  Overlord  
  32  4:35  Overlord  
  35  5:32  Drone x5  
  35  5:33  Drone x7  
  47  6:09  Hatchery  
  46  6:14  Extractor, Drone  
  46  6:15  Drone x3  
  46  6:16  Drone  
  46  6:17  Drone x2  
  52  6:19  Overlord x3  
  52  6:58  Hatchery  
  51  7:02  Queen x2  
  55  7:32  Drone  
  55  7:33  Drone x12  
  68  7:37  Queen x2  
  72  8:10  Drone  
  72  8:11  Drone x4  
  72  8:12  Queen x2  
  79  8:13  Queen x2  
  79  8:19  Extractor  
  84  8:20  Hatchery  
  83  8:38  Drone  
  83  8:39  Drone x4  
  88  8:51  Lair  
  88  9:03  Extractor x2  
  86  9:18  Drone x2  
  88  9:57  Spire  
  87  10:04  Infestation Pit  
  86  10:09  Evolution Chamber  
  86  10:12  Evolution Chamber  
  84  10:16  Drone  
  84  10:17  Drone x4  
  89  10:47  Drone x3  
  92  10:52  Zergling x2  
  92  10:53  Zergling x2  
  92  10:54  Overlord x5  
  94  11:08  Extractor  
  94  11:09  Extractor  
  92  11:28  Corruptor  
  92  11:29  Corruptor x17  
  125  12:23  Mutalisk x4  
  125  12:25  Overlord  
  125  12:26  Overlord x2  
  73  13:08  Mutalisk x5  
  86  13:16  Mutalisk  
  76  14:08  Hatchery  
  56  14:13  Hatchery  
  50  14:39  Hatchery  
Tags
 
Add a new tag
Caveats
  • Supply blocks, unpowered buildings, or Contaminate may cause inaccurate times.
  • Supply counts are checked every 10 seconds.